 Dungeon Crawl Stone Soup version 0.30-a0-341-g682706514a (webtiles) character file.

Game seed: 4993192135777464534

21 sanka the Caller (level 2, 0/20 HPs)
             Began as a Demigod Summoner on Nov 1, 2022.
             Slain by a kobold
             ... wielding a +2 short sword of venom
              (1 damage)
             ... on level 1 of the Dungeon.
             The game lasted 00:01:30 (677 turns).

sanka the Caller (Demigod Summoner)                  Turns: 677, Time: 00:01:30

Health: 0/20       AC:  2    Str:  9    XL:     2   Next: 48%
Magic:  6/7        EV: 12    Int: 17    God:
Gold:   8          SH:  0    Dex: 14    Spells: 4/5 levels left

rFire   . . .      SeeInvis .    d - +0 hand axe
rCold   . . .      Faith    .    (no shield)
rNeg    . . .      Spirit   .    a - +0 robe
rPois   .          Reflect  .    (no helmet)
rElec   .          Harm     .    (no cloak)
rCorr   .          Rampage  .    (no gloves)
Will    .....                    (no boots)
Stlth   ++........               (no amulet)
HPRegen 0.23/turn                (no ring)
MPRegen 0.10/turn                (no ring)

@: lethally poisoned (0 -> -10)
A: high MP 1, forlorn, divine attributes
a: no special abilities


You were on level 1 of the Dungeon.
You visited 1 branch of the dungeon, and saw 1 of its levels.

You collected 8 gold pieces.


Innate Abilities, Weirdness & Mutations

You have an increased reservoir of magic. (+10% MP)
You shall have no god before yourself.
Your divine heritage dramatically boosts your attributes as you level up.


   Skills:
 - Level 1.7 Dodging
 - Level 1.7 Stealth
 - Level 2.0 Spellcasting
 + Level 4.2 Summonings


You had 4 spell levels left.
You knew the following spells:

 Your Spells              Type           Power      Damage    Failure   Level
z - Summon Small Mammal   Summ           64%        N/A       3%          1

Your spell library contained the following spells:

 Spells                   Type           Power      Damage    Failure   Level
 Call Imp                 Summ           16%        N/A       4%          2
 Call Canine Familiar     Summ           16%        N/A       10%         3
 Summon Guardian Golem    Hex/Summ       8%         N/A       24%         3
 Summon Lightning Spire   Summ/Air       8%         N/A       63%         4

Inventory:

Hand Weapons
 d - a +0 hand axe (weapon)
Armour
 a - a +0 robe (worn)
Scrolls
 c - a scroll of identify {unknown}
 e - a scroll of magic mapping {unknown}
Potions
 b - a potion of magic

Dungeon Overview and Level Annotations

Branches:
Dungeon (1/15)

▒.▒. ▒.▒.▒ ▒▒▒ ▒▒ ▒..▒
▒.....▒.... ..▒....
......▒.▒.▒.▒.)....
......▒.▒.▒.▒......▒+▒▒▒
▒..............[........
▒.....Kg).▒ ▒..........
▒.....▒p▒.▒ ......▒.▒▒.
.£........▒ ...........
.....b▒.▒.▒ ▒▒......▒▒
..▒▒.▒▒.▒.▒ ▒.▒▒▒..▒ ...
▒.▒.▒▒▒▒▒▒......▒ ...
▒.▒.>...▒▒......▒ ▒▒▒
▒.▒.▒.▒.▒▒.▒▒▒.▒▒.
▒.▒.▒.............
▒.....▒▒▒.▒▒▒▒▒▒▒▒


You could see a goblin, a kobold (ally target) and a friendly bat (summoned).


Message History

You hit the goblin. The goblin hits you with a +0 club.
The kobold hits you but does no damage. The goblin hits you with a +0 club.
Unknown command.
You hit the goblin.
The goblin is severely wounded.
You hit the kobold. You hit the kobold but do no damage.
The goblin completely misses you. The kobold barely misses you.
The kobold completely misses you.
Unknown command.
You closely miss the goblin.
The goblin is severely wounded.
You hit the kobold.
You kill the kobold!
You hit the kobold. The goblin barely misses you.
The kobold hits you with a +2 short sword of venom.
* * * LOW HITPOINT WARNING * * *
You are lethally poisoned!
Unknown command.
Unknown command.
* * * LOW HITPOINT WARNING * * *
You feel very sick. The goblin hits you with a +0 club.
* * * LOW HITPOINT WARNING * * *
The kobold hits you with a +2 short sword of venom.
You die...

Action                   || total
-------------------------++-------
Melee: Unarmed           ||    17
       Punch             ||     1
       Hand axe          ||    29
 Cast: Summon Small Mamm ||    26
 Stab: Distracted        ||     1
       Sleeping          ||     1
Armor: Robe              ||    13
Dodge: Dodged            ||    55

Levels and vault maps discovered:
D:1:      eino_arrival_water_star, layout_basic,
          amcnicky_mini_rare_corridor_liquid, moated_statue

Notes
Turn   | Place    | Note
-------+----------+-------------------------------------------
     0 | D:1      | sanka the Demigod Summoner began the quest for the Orb.
     0 | D:1      | Reached XP level 1. HP: 14/14 MP: 5/5
    25 | D:1      | HP: 1/14 [frozen (4)]
   153 | D:1      | Reached skill level 2 in Spellcasting
   241 | D:1      | Reached skill level 4 in Summonings
   339 | D:1      | Reached XP level 2. HP: 20/20 MP: 4/7
   677 | D:1      | HP: 1/20 [goblin/+0 club (3)]
   677 | D:1      | Slain by a kobold

Vanquished Creatures
  An endoplasm (D:1)
  2 giant cockroaches (D:1)
  A kobold (D:1)
  A rat (D:1)
5 creatures vanquished.

Vanquished Creatures (collateral kills)
  3 ball pythons (D:1)
  A bat (D:1)
  3 endoplasms (D:1)
  4 hobgoblins (D:1)
11 creatures vanquished.

Grand Total: 16 creatures vanquished
